 Dungeon Crawl Stone Soup version 0.23-a0-756-g517b432 (webtiles) character file.

30 WallydeTonk the Stinger (level 3, 19/19 HPs)
             Began as a Gargoyle Venom Mage on Jan 18, 2019.
             Quit the game on level 2 of the Dungeon.
             The game lasted 00:04:19 (1749 turns).

WallydeTonk the Stinger (Gargoyle Venom Mage)       Turns: 1749, Time: 00:04:20

Health: 19/19      AC:  5    Str: 11    XL:     3   Next: 20%
Magic:  6/6        EV: 12    Int: 16    God:
Gold:   58         SH:  0    Dex: 10    Spells: 0/6 levels left

rFire    . . .     SeeInvis .   k - +0 dagger
rCold    . . .     Gourm    .   (no shield)
rNeg     + . .     Faith    .   a - +0 robe
rPois    ∞         Spirit   .   (no helmet)
rElec    +         Reflect  .   (no cloak)
rCorr    .         Harm     .   (no gloves)
MR       .....                  (no boots)
Stlth    ++........             (no amulet)
HPRegen  0.06/turn              (no ring)
MPRegen  0.10/turn              (no ring)

@: no status effects
A: negative energy resistance 1, electricity resistance, unbreathing,
petrification resistance, rot immunity, AC +3
a: no special abilities


You were on level 2 of the Dungeon.
You were not hungry.

You visited 1 branch of the dungeon, and saw 2 of its levels.

You collected 58 gold pieces.

Inventory:

Hand Weapons
 k - a +0 dagger (weapon)
Missiles
 g - 21 arrows
 j - 95 stones (quivered)
Armour
 a - a +0 robe (worn)
 h - a +0 buckler
Scrolls
 e - a scroll of enchant armour {unknown}
 f - 2 scrolls of identify {unknown}
 i - a scroll of amnesia {unknown}
 m - a scroll of remove curse {unknown}
Potions
 b - a potion of invisibility {unknown}
 d - a potion of haste {unknown}
Comestibles
 c - 2 rations
 l - 7 chunks of flesh


   Skills:
 + Level 1.5 Dodging
 - Level 2.3 Stealth
 + Level 2.3 Spellcasting
 + Level 1.4 Conjurations
 * Level 0.5 Air Magic
 + Level 3.6 Poison Magic


You couldn't memorise any spells.
You knew the following spells:

 Your Spells              Type           Power        Failure   Level  Hunger
a - Sting                 Conj/Pois      ##..         7%          1    #......
b - Poisonous Vapours     Pois/Air       #.....       13%         2    ###....
c - Mephitic Cloud        Conj/Pois/Air  #.......     28%         3    ###....

Your spell library contained the following spells:

 Spells                   Type           Power        Failure   Level  Hunger
 Olgreb's Toxic Radiance  Pois           ##......     41%         4    #####..
 Venom Bolt               Conj/Pois      ##........   89%         5    ######.


Dungeon Overview and Level Annotations

Branches:
Dungeon (2/15)

Altars:


Innate Abilities, Weirdness & Mutations

You are resistant to torment.
Your stone body is resilient. (AC +3)
You are immune to poison.
You resist negative energy. (rN+)
You are resistant to electric shocks. (rElec)
You can survive without breathing.
You are immune to petrification.
You are immune to rotting.


Message History

Aim: a leopard gecko (hasn't noticed you) Poisonous vapours surround the leopard gecko!
The leopard gecko hisses angrily.
The leopard gecko is poisoned.
The leopard gecko hisses menacingly.
You barely miss the leopard gecko.
The leopard gecko is heavily wounded.
The leopard gecko bites you but does no damage.
You closely miss the leopard gecko.
The leopard gecko is severely wounded.
The leopard gecko bites you.
You hit the leopard gecko.
You kill the leopard gecko!
A worm comes into view.
You start resting.
Magic restored.
You start resting.
HP restored.
Unknown command.
Are you sure you want to abandon this character and quit the game? (Confirm with "yes".)

#. .....# ..# . ..#..... (..
#.#.#....#......
.......#..#.)# ..
......#..#..#
....#$.........#
w..............# #.##....#
#.@.....# #.#.#.......#######
#.................####
#.#.#....##.#####....#
#.#....##.#...#....# #.#
#.#....##.#.#.#....#
#..............##.#.#.#....#
#.... ..#.#.#.......#.#....#.
#....##.#.#............).....


There were no monsters in sight!

Vanquished Creatures
  A dart slug (D:2)
  2 leopard geckos
  3 bats
  3 giant cockroaches
  6 goblins
  4 hobgoblins
  3 frilled lizards
  A rat (D:1)
23 creatures vanquished.

Notes
Turn   | Place    | Note
-------+----------+-------------------------------------------
     0 | D:1      | WallydeTonk the Gargoyle Venom Mage began the quest for the
                  | Orb.
     0 | D:1      | Reached XP level 1. HP: 10/10 MP: 3/3
   573 | D:1      | Reached XP level 2. HP: 15/15 MP: 1/5
   619 | D:1      | Learned a level 2 spell: Poisonous Vapours
  1632 | D:2      | Found a faded altar of an unknown god.
  1650 | D:2      | Reached XP level 3. HP: 19/19 MP: 4/6
  1655 | D:2      | Learned a level 3 spell: Mephitic Cloud
  1749 | D:2      | Quit the game

Vault maps used:
D:1:      kennysheep_arrival_forest
D:2:      nicolae_overflow_crystal_walls, chequers_ecumenical_altar_island

Action                   || total
-------------------------++-------
Melee: Dagger            ||    39
 Cast: Sting             ||    18
       Poisonous Vapours ||     2
 Stab: Sleeping          ||     1
  Eat: Ration            ||     1
Armor: Robe              ||     7
Dodge: Dodged            ||    28

Table legend:
 A = Non-vault XP
 B = Vault XP
 C = Vault XP percentage of total XP
 D = Non-vault monster count
 E = Vault monster count
 F = Vault count percentage of total count
                 A         B        C        D         E       F
            +---------+---------+-------+---------+---------+-------
      Total |      44 |       0 |   0.0 |      23 |       0 |   0.0
            +---------+---------+-------+---------+---------+-------
        D:1 |      22 |       0 |   0.0 |      12 |       0 |   0.0
        D:2 |      22 |       0 |   0.0 |      11 |       0 |   0.0
            +---------+---------+-------+---------+---------+-------
